Map: Rhoskallian EE

Players

MrFercho

  • Race: Zerg Zerg
  • League: Silver
  • Spawn Location: 5:00

tigro

  • Race: Terran Terran
  • League: Bronze
  • Spawn Location: 6:00

lurri

  • Race: Protoss Protoss
  • League: Silver
  • Spawn Location: 11:00

Goldcore

  • Race: Protoss Protoss
  • League: Platinum
  • Spawn Location: 12:00

VOD

Have the link to the VOD?

Description

Time

  • Played on: May 27, 2020, 10:48 p.m.
  • Length: 18:14
Show
View Real Time Build Order
Export as new Build Order

MrFercho Zerg 

Build Orders: 3 Hatch before Pool 

Get SALT Encoding   

  12  0:15  Drone  
  12  0:16  Drone  
  14  0:52  Hatchery  
  13  1:05  Hatchery  
  13  1:06  Drone  
  13  1:07  Drone  
  14  1:30  Evolution Chamber  
  13  1:39  Extractor, Overlord  
  12  1:40  Overlord  
  12  1:42  Overlord  
  12  1:58  Drone  
  13  2:30  Spawning Pool  
  13  2:34  Drone x6  
  18  2:50  Extractor  
  17  2:54  Drone x2  
  17  2:55  Drone  
  20  2:59  Drone x2  
  22  3:14  Drone  
  22  3:19  Queen  
  25  3:24  Drone  
  26  4:00  Lair  
  26  4:11  Zergling x2  
  26  4:12  Zergling x10  
  32  4:22  Hatchery  
  31  4:31  Metabolic Boost  
  31  4:33  Zerg Ground Armor Level 1  
  25  5:01  Drone  
  25  5:03  Zergling x4  
  25  5:04  Zergling x16  
  35  5:37  Hydralisk Den  
  34  5:50  Drone x2  
  34  5:51  Evolution Chamber  
  34  5:54  Drone x5  
  34  5:55  Drone x4  
  44  6:01  Drone  
  45  6:13  Spore Crawler  
  45  6:14  Spore Crawler  
  45  6:15  Spore Crawler  
  42  6:28  Overlord  
  42  6:29  Overlord x2  
  39  6:52  Hydralisk  
  39  6:53  Hydralisk x3  
  47  6:58  Drone  
  48  7:04  Extractor  
  48  7:06  Extractor, Overlord  
  46  7:24  Zerg Missile Weapons Level 1  
  46  7:25  Zerg Ground Armor Level 2  
  46  7:28  Overlord  
  46  7:29  Overlord  
  46  7:32  Queen  
  39  7:59  Drone x3  
  39  8:00  Queen  
  44  8:28  Hatchery  
  43  8:35  Hydralisk x8  
  59  8:48  Infestation Pit  
  58  8:50  Drone  
  58  8:51  Drone x2  
  61  9:13  Grooved Spines  
  61  9:20  Lair  
  61  9:29  Drone x5  
  66  9:36  Overlord  
  66  9:37  Overlord x2  
  66  9:51  Zerg Missile Weapons Level 2  
  66  10:04  Hatchery  
  65  10:10  Drone x2  
  65  10:11  Drone  
  68  10:22  Drone  
  68  10:23  Drone x2  
  68  10:24  Muscular Augments  
  71  10:36  Drone  
  71  10:37  Drone x8  
  71  10:42  Overlord x2  
  80  10:47  Hive  
  80  11:03  Hydralisk x5  
  90  11:16  Drone x3  
  93  11:23  Extractor  
  93  11:24  Extractor, Drone  
  92  11:27  Drone x6  
  98  11:41  Overlord x2  
  98  11:44  Overlord x2  
  98  11:47  Queen  
  100  11:58  Hydralisk x3  
  100  11:59  Hydralisk x5  
  116  12:38  Hydralisk x14  
  116  12:39  Hydralisk  
  146  12:46  Overlord x2  
  146  12:47  Overlord  
  146  12:55  Zerg Missile Weapons Level 3, Zerg Ground Armor Level 3  
  146  13:04  Spire  
  145  13:11  Hydralisk Den  
  144  13:17  Drone x3  
  147  13:24  Pneumatized Carapace  
  147  13:26  Burrow  
  147  14:01  Hydralisk x4  
  147  14:02  Hydralisk x5  
  165  14:22  Hydralisk  
  165  14:23  Hydralisk x6  
  101  14:48  Hydralisk x3  
  101  14:49  Hydralisk x6  
  77  15:30  Drone  
  77  15:33  Hydralisk  
  77  15:34  Mutalisk x6  
  77  15:35  Mutalisk x7  
  88  15:57  Hatchery  
  88  15:59  Hatchery  
  88  16:04  Hatchery  
  55  16:32  Hydralisk  
  55  16:33  Hydralisk x8  
  48  17:20  Hydralisk  
  48  17:21  Hydralisk x12  
  40  17:41  Mutalisk  
Show
View Real Time Build Order
Export as new Build Order

tigro Terran 

Build Orders:  

Get SALT Encoding   

  12  0:03  SCV  
  13  0:15  SCV  
  14  0:24  Supply Depot  
  14  0:27  SCV  
  15  0:31  Refinery  
  15  0:45  SCV  
  16  0:54  Barracks  
  16  1:04  SCV  
  17  1:16  SCV  
  18  1:29  SCV  
  19  1:35  Refinery  
  19  1:40  Supply Depot  
  19  1:41  SCV  
  19  1:43  Marine  
  21  1:53  SCV  
  22  2:01  Marine  
  23  2:02  Barracks  
  23  2:05  SCV  
  24  2:18  Marine  
  25  2:36  Marine  
  26  2:42  Engineering Bay  
  26  2:49  SCV  
  27  2:54  Marine  
  27  2:56  Barracks Tech Lab  
  28  3:01  SCV  
  29  3:09  Factory  
  29  3:19  Barracks Tech Lab  
  29  3:22  Stimpack  
  29  3:26  Marine  
  30  3:30  Terran Infantry Weapons Level 1  
  30  3:44  Marine  
  30  3:47  Combat Shield  
  31  4:04  Factory Tech Lab  
  31  4:07  Orbital Command  
  31  4:13  Command Center  
  31  4:33  Supply Depot  
  31  4:37  Marine  
  23  4:55  Marine  
  16  5:13  Marine  
  10  5:25  Terran Infantry Armor Level 1, SCV  
  11  5:37  SCV  
  12  5:49  SCV  
  13  6:01  SCV  
  14  6:07  Missile Turret  
  14  6:13  SCV  
  13  6:27  Missile Turret  
  13  6:30  Widow Mine  
  15  6:33  Marine  
  16  6:41  SCV  
  17  6:49  SCV  
  17  6:50  Missile Turret  
  17  6:51  Marine, Cyclone  
  22  7:06  Marine  
  23  7:08  Marine  
  23  7:11  Missile Turret  
  24  7:19  Hi-Sec Auto Tracking  
  24  7:20  Planetary Fortress  
  24  7:24  Marine  
  24  7:26  Marine  
  26  7:30  SCV  
  27  7:42  SCV  
  28  7:44  Marine  
  28  7:51  Starport  
  29  7:55  SCV  
  30  8:07  SCV  
  31  8:13  SCV  
  31  8:19  SCV  
  33  8:30  Armory  
  33  8:31  SCV  
  33  8:33  SCV  
  35  8:37  Medivac  
  35  8:39  Marine  
  38  8:42  Marine  
  38  8:45  SCV  
  40  8:57  Marine, SCV  
  40  8:59  Marine  
  43  9:09  SCV  
  44  9:15  Marine  
  45  9:17  Marine  
  45  9:20  Fusion Core  
  45  9:21  SCV  
  45  9:22  Terran Infantry Weapons Level 2  
  47  9:32  Marine  
  47  9:35  Marine  
  47  9:37  Starport Tech Lab  
  49  9:45  Drilling Claws  
  49  9:50  Marine  
  50  9:53  Marine  
  50  9:59  Refinery  
  51  10:08  Marine  
  51  10:13  Cyclone  
  55  10:19  Weapon Refit  
  55  10:40  Missile Turret  
  55  10:45  Siege Tank  
  55  10:48  Refinery  
  58  11:00  Battlecruiser  
  58  11:02  Missile Turret  
  64  11:04  Mag-Field Accelerator  
  64  11:17  Terran Vehicle Weapons Level 1  
  64  11:38  Terran Infantry Armor Level 2  
  64  12:06  Rapid Reignition System  
  64  12:43  Infernal Pre-Igniter  
  64  12:47  Corvid Reactor  
  64  13:03  Advanced Ballistics  
  64  13:12  Terran Vehicle And Ship Armor Level 1  
  64  13:25  Battlecruiser  
  70  13:27  Command Center  
  70  13:54  Neosteel Armor  
  70  13:55  Marine  
  70  14:02  Marine  
  72  14:05  Cloaking Field  
  72  14:13  Marine  
  73  14:20  Marine  
  74  14:31  Marine  
  39  14:38  Marine  
  41  14:48  Planetary Fortress  
  41  14:49  Marine  
  42  14:55  Marine  
  42  14:56  Refinery  
  42  15:07  Marine  
  34  15:11  Thor  
  34  15:13  Marine  
  39  15:31  Marine  
  31  15:37  Viking  
  32  15:46  SCV  
  4  17:15  Supply Depot  
  3  17:44  Command Center  
Show
View Real Time Build Order
Export as new Build Order

lurri Protoss 

Build Orders:  

Get SALT Encoding   

  12  0:01  Probe  
  13  0:31  Probe (Chrono Boost)  
  13  0:35  Pylon  
  15  0:43  Probe (Chrono Boost)  
  15  0:52  Probe (Chrono Boost)  
  16  0:59  Gateway  
  16  1:02  Assimilator  
  16  1:03  Probe  
  17  1:12  Gateway  
  17  1:15  Probe  
  18  1:18  Pylon  
  18  1:28  Probe  
  19  1:40  Forge  
  19  1:43  Pylon  
  19  2:05  Gateway  
  19  2:09  Cybernetics Core  
  19  2:20  Probe  
  20  2:32  Probe  
  20  2:33  Zealot x2  
  25  2:44  Probe  
  26  2:47  Assimilator  
  26  2:51  Pylon  
  26  2:55  Stalker (Chrono Boost)  
  26  2:56  Probe  
  29  3:08  Probe  
  32  3:20  Sentry (Chrono Boost), Probe  
  32  3:21  Stalker (Chrono Boost)  
  35  3:32  Probe  
  36  3:44  Probe  
  36  3:45  Pylon  
  37  3:55  Stalker x2  
  41  3:56  Probe  
  41  3:57  Warp Gate (Chrono Boost)  
  41  4:01  Protoss Ground Weapons Level 1 (Chrono Boost)  
  42  4:08  Probe  
  33  5:48  Nexus  
  33  5:56  Nexus  
  33  6:00  Shield Battery x2  
  33  6:04  Shield Battery  
  33  6:07  Stalker x2  
  33  6:08  Stalker  
  39  6:11  Protoss Shields Level 1  
  39  6:18  Robotics Facility  
  39  6:21  Robotics Facility  
  39  6:26  Probe (Chrono Boost)  
  40  6:35  Probe (Chrono Boost)  
  41  6:40  Probe (Chrono Boost)  
  41  6:45  Sentry x2  
  46  6:52  Probe  
  46  6:53  Sentry  
  49  7:00  Pylon  
  49  7:04  Pylon  
  49  7:05  Probe (Chrono Boost)  
  49  7:08  Probe (Chrono Boost)  
  53  7:16  Probe x2 (Chrono Boost)  
  53  7:21  Probe (Chrono Boost)  
  55  7:24  Probe (Chrono Boost)  
  55  7:26  Probe (Chrono Boost)  
  55  7:28  Probe (Chrono Boost)  
  57  8:01  Probe  
  57  8:02  Probe  
  59  8:07  Robotics Facility  
  59  8:09  Immortal x2 (Chrono Boost)  
  67  8:13  Probe  
  67  8:15  Probe  
  69  8:21  Robotics Bay  
  69  8:23  Pylon  
  69  8:25  Probe  
  69  8:27  Probe  
  71  8:40  Assimilator  
  71  8:42  Stargate  
  71  8:46  Stargate  
  71  8:47  Pylon  
  71  8:52  Assimilator x2  
  71  8:54  Probe (Chrono Boost)  
  72  8:58  Immortal  
  76  9:04  Probe (Chrono Boost)  
  76  9:07  Probe (Chrono Boost)  
  79  9:11  Probe (Chrono Boost)  
  79  9:15  Probe (Chrono Boost)  
  79  9:16  Probe (Chrono Boost)  
  81  9:18  Probe (Chrono Boost)  
  81  9:21  Probe (Chrono Boost)  
  81  9:22  Probe (Chrono Boost)  
  81  9:23  Probe (Chrono Boost)  
  84  9:26  Assimilator  
  84  9:30  Void Ray (Chrono Boost)  
  84  9:31  Probe  
  86  9:32  Probe  
  86  9:35  Probe  
  96  9:41  Void Ray (Chrono Boost)  
  96  9:43  Probe  
  97  9:47  Probe  
  98  9:55  Probe  
  98  9:59  Probe  
  100  10:07  Probe  
  101  10:16  Void Ray (Chrono Boost)  
  105  10:35  Stalker  
  105  10:36  Stalker x2  
  111  10:44  Stargate  
  111  10:47  Stargate  
  111  10:49  Pylon  
  111  10:50  Pylon  
  111  11:11  Nexus  
  111  11:12  Pylon  
  111  11:16  Pylon  
  111  11:17  Pylon  
  111  11:19  Pylon  
  111  11:20  Void Ray x2, Pylon  
  111  11:22  Pylon  
  111  11:24  Pylon  
  119  11:26  Protoss Ground Armor Level 1 (Chrono Boost)  
  119  11:29  Cybernetics Core  
  119  11:31  Colossus (Chrono Boost)  
  119  11:37  Protoss Air Armor Level 1 (Chrono Boost)  
  131  11:46  Colossus (Chrono Boost)  
  131  11:47  Gateway  
  131  11:48  Gateway  
  131  11:52  Gateway  
  131  11:56  Photon Cannon  
  131  11:57  Photon Cannon  
  131  12:00  Photon Cannon  
  131  12:03  Void Ray x2 (Chrono Boost), Photon Cannon  
  139  12:08  Photon Cannon  
  139  12:14  Pylon  
  139  12:19  Fleet Beacon  
  139  12:21  Void Ray (Chrono Boost)  
  139  12:22  Void Ray (Chrono Boost)  
  147  12:47  Probe (Chrono Boost)  
  147  12:49  Assimilator  
  148  12:53  Assimilator  
  148  12:56  Probe (Chrono Boost)  
  149  13:01  Probe (Chrono Boost)  
  150  13:10  Photon Cannon  
  150  13:13  Photon Cannon  
  150  13:15  Photon Cannon  
  150  13:22  Shield Battery  
  150  13:24  Photon Cannon  
  150  13:25  Photon Cannon  
  150  13:31  Shield Battery  
  150  13:32  Unknown  
  150  13:33  Shield Battery  
  150  13:39  Shield Battery  
  150  13:42  Shield Battery  
  150  13:43  Shield Battery  
  150  13:57  Protoss Air Weapons Level 1  
  150  13:59  Protoss Air Armor Level 2  
  150  14:00  Shield Battery  
  150  14:03  Shield Battery  
  150  14:08  Shield Battery  
  150  14:12  Shield Battery  
  150  14:13  Shield Battery  
  150  14:14  Stalker  
  150  14:16  Stalker  
  154  14:18  Stalker  
  154  14:19  Stalker  
  154  14:20  Stalker x2  
  152  15:18  Stalker  
  152  15:19  Stalker x4  
  152  15:20  Stalker, Void Ray x4  
  170  16:03  Void Ray x2  
  174  16:22  Robotics Bay  
  174  16:25  Twilight Council  
  132  17:30  Void Ray x4  
Show
View Real Time Build Order
Export as new Build Order

Goldcore Protoss 

Build Orders: Oracle Opening, Phoenix Opening 

Get SALT Encoding   

  12  0:02  Probe  
  13  0:30  Probe  
  14  0:45  Pylon  
  14  0:47  Probe  
  15  0:51  Assimilator  
  15  0:56  Assimilator  
  15  1:03  Probe  
  16  1:07  Gateway  
  16  1:11  Gateway  
  16  1:15  Probe  
  17  1:29  Pylon  
  17  1:31  Probe (Chrono Boost)  
  19  1:41  Probe (Chrono Boost)  
  19  1:44  Pylon  
  19  1:46  Probe (Chrono Boost)  
  20  2:04  Cybernetics Core  
  20  2:09  Probe  
  21  2:16  Zealot  
  21  2:21  Probe  
  24  2:43  Stargate  
  24  2:50  Stargate  
  24  3:01  Forge  
  24  3:04  Probe  
  25  3:16  Probe  
  26  3:22  Pylon  
  26  3:28  Oracle  
  29  3:36  Phoenix  
  31  3:44  Photon Cannon  
  31  3:54  Zealot  
  33  4:04  Phoenix  
  33  4:08  Pylon  
  35  4:32  Twilight Council  
  35  4:35  Phoenix x2  
  39  5:02  Phoenix  
  39  5:03  Phoenix  
  39  5:04  Warp Gate, Zealot x2  
  47  5:27  Charge  
  47  5:31  Zealot x2  
  51  5:46  Pylon  
  51  6:17  Dark Shrine  
  51  6:49  Protoss Ground Weapons Level 1  
  51  7:12  Photon Cannon  
  51  7:17  Pylon  
  48  7:35  Dark Templar x2  
  52  8:09  Dark Templar x2  
  52  8:12  Pylon  
  56  8:21  Nexus  
  56  8:22  Robotics Facility  
  56  8:28  Photon Cannon  
  56  8:44  Dark Templar x2  
  60  9:12  Pylon  
  60  9:21  Pylon  
  60  9:24  Pylon  
  60  9:27  Pylon  
  60  9:30  Dark Templar x2  
  64  9:34  Probe x2 (Chrono Boost)  
  66  9:43  Probe (Chrono Boost)  
  66  9:44  Probe (Chrono Boost)  
  68  9:48  Probe (Chrono Boost)  
  69  9:59  Probe (Chrono Boost)  
  70  10:01  Probe (Chrono Boost)  
  70  10:07  Assimilator  
  71  10:09  Probe (Chrono Boost)  
  71  10:10  Assimilator, Probe (Chrono Boost)  
  73  10:14  Probe (Chrono Boost)  
  73  10:15  Probe (Chrono Boost)  
  73  10:16  Gateway  
  73  10:17  Gateway  
  75  10:21  Gateway  
  75  10:22  Photon Cannon  
  75  10:26  Probe  
  76  10:31  Gateway  
  76  10:39  Probe  
  77  10:49  Dark Templar  
  79  10:50  Dark Templar  
  79  10:52  Protoss Shields Level 1  
  81  10:57  Warp Prism  
  83  11:15  Stalker  
  83  11:16  Stalker  
  83  11:17  Stalker  
  89  11:23  Sentry  
  91  11:29  Dark Templar x2  
  95  11:37  Shadow Stride  
  95  11:52  Zealot  
  95  11:53  Zealot x3  
  103  12:27  Nexus  
  103  12:33  Dark Templar x4  
  111  12:40  Archon  
  111  12:41  Archon x2  
  111  12:42  Archon x3  
  111  13:02  Pylon  
  111  13:18  Protoss Shields Level 2  
  111  13:21  Pylon  
  111  13:35  Zealot x2  
  111  13:36  Zealot x4  
  122  14:14  Photon Cannon  
  122  14:16  Shield Battery  
  122  14:17  Shield Battery  
  122  14:19  Shield Battery  
  111  15:13  Pylon  
  111  15:33  Zealot x6  
  123  15:56  Zealot x5  
  123  15:57  Zealot  
  135  16:24  Probe (Chrono Boost)  
  138  16:33  Probe x2 (Chrono Boost)  
  138  16:34  Probe (Chrono Boost)  
  138  16:39  Probe x3 (Chrono Boost)  
  142  16:51  Probe  
  143  17:18  Zealot x2  
  143  17:19  Zealot  
  149  17:52  Pylon  
  149  17:54  Pylon  
  149  17:57  Pylon  
Tags
 
Add a new tag
Caveats
  • Supply blocks, unpowered buildings, or Contaminate may cause inaccurate times.
  • Supply counts are checked every 10 seconds.